 Dungeon Crawl Stone Soup version 0.29-a0-1052-g6990b1bffc (webtiles) character file.

Game seed: 11731637913370916875

19 GreatBamboolord the Trooper (level 2, -3/25 HPs)
             Began as a Palentonga Fighter on Aug 17, 2022.
             Slain by Terence
             ... wielding a +0 morningstar
              (4 damage)
             ... on level 2 of the Dungeon.
             The game lasted 00:01:32 (1172 turns).

GreatBamboolord the Trooper (Palentonga Fighter)    Turns: 1172, Time: 00:01:33

Health: -3/25      AC:  6    Str: 19 (21) XL:     2   Next: 55%
Magic:  2/2        EV:  7    Int:  6 (8)  God:
Gold:   60         SH:  3    Dex:  6 (9)  Spells: 1/1 levels left

rFire   . . .      SeeInvis +   a - +0 war axe
rCold   . . .      Faith    .   c - +0 buckler
rNeg    . . .      Spirit   .   b - +0 scale mail
rPois   .          Reflect  .   (no helmet)
rElec   .          Harm     .   l - scarf {+Inv}
rCorr   .          Rampage  .   (no gloves)
Will    .....                   (no barding)
Stlth   ..........              (no amulet)
HPRegen 0.08/turn               (no ring)
MPRegen 0.08/turn               (no ring)

@: no status effects
A: large, rugged brown scales 3, see invisible, deformed body, roll 1, armoured
tail
a: Rolling Charge, Evoke Invisibility


You were on level 2 of the Dungeon.
You visited 1 branch of the dungeon, and saw 2 of its levels.

You collected 60 gold pieces.

Inventory:

Hand Weapons
 a - a +0 war axe (weapon)
Armour
 b - a +0 scale mail (worn)
 c - a +0 buckler (worn)
 l - a scarf of invisibility (worn)
Jewellery
 n - a ring of magical power
Scrolls
 e - a scroll of noise {unknown}
 f - 7 scrolls of identify {unknown}
 g - 2 scrolls of enchant weapon {unknown}
 h - 2 scrolls of brand weapon {unknown}
 j - a scroll of summoning {unknown}
 k - a scroll of acquirement {unknown}
 m - a scroll of fear {unknown}
Potions
 d - a potion of might
 i - a potion of heal wounds {unknown}
 o - a potion of degeneration
 p - a potion of invisibility {unknown}


   Skills:
 * Level 3.3 Fighting
 * Level 2.2 Axes
 * Level 2.6 Armour
 * Level 2.9 Shields


You had one spell level left.
You didn't know any spells.
Your spell library contained the following spells:

 Spells                   Type           Power      Damage    Failure   Level
 Fireball                 Conj/Fire      0%         3d3       100%        5
 Starburst                Conj/Fire      0%         6d3       100%        6
 Ignition                 Fire           0%         3d3       100%        8


Dungeon Overview and Level Annotations

Branches:
Dungeon (2/15)

Altars:

Annotations:
D:2 Terence


Innate Abilities, Weirdness & Mutations

You are completely covered in rugged brown scales. (AC +3, +7% HP)
You have supernaturally acute eyesight. (SInv)
Armour fits poorly on your strangely shaped body.
You can roll at nearby foes to attack.
You have a long armoured tail.


Message History

You barely miss the hobgoblin. The hobgoblin hits you.
You hit the hobgoblin.
The hobgoblin is almost dead.
The hobgoblin hits you but does no damage. x2
You barely miss the hobgoblin. You tail-slap the hobgoblin.
You kill the hobgoblin!
No target in view!
Found a dagger.
f - 7 scrolls labelled ZOETEO JEOF (gained 1)
You pick up a book of Fire and begin reading...
You add the spells Fireball, Starburst and Ignition to your library.
You now have 60 gold pieces (gained 4).
p - a sapphire potion
Found 8 stones.
You see here 8 stones.
Found 4 stones.
You see here 4 stones.
Terence the Incautious comes into view.
He is wielding a +0 morningstar and wearing a +2 scale mail of poison resistance.
Terence shouts!
Terence is nearby!
Roll where?
Press: ? - help, Q - select action, (/) - cycle Dir - move target, f - Terence
Aim: Terence, wielding a +0 morningstar and wearing a +2 scale mail of poison resistance You roll forward with a clatter of scales!
You closely miss Terence. Terence hits you with a +0 morningstar!
Ouch! That really hurt!
Terence hits you with a +0 morningstar. Terence attacks as you move away!
Terence hits you but does no damage.
Terence asks, "Do you want it fast or slow?"
You see here 4 stones.
Terence attacks as you move away! Terence hits you with a +0 morningstar!
* * * LOW HITPOINT WARNING * * *
Terence screams, "I want your blood!"
It was a potion of degeneration.
There was something very wrong with that liquid.
You feel weakened.
You feel dopey.
You feel clumsy. Terence hits you with a +0 morningstar.
You die...

.# ..............# .#
#..........$?# .#
#......"....## .#
............# .#
##.##......# .#####
#......# .#...###.#
##(##### .........# #@.#
.....####
#.##@################
.....#
##.................(..
.....#
###......).#############
.#...## #.+........#
#.######## .#....#
#.#........# #.........
.#....####.#........#
#.########
.####...##.#........#
#.# ####.............#
#.#
...........#........##
#.#


You could see Terence.

Vanquished Creatures
  A dart slug (D:1)
  An orc (D:2)
  2 endoplasms (D:1)
  A giant cockroach (D:2)
  A goblin (D:1)
  3 hobgoblins (D:2)
  A quokka (D:1)
  A bat (D:2)
  A frilled lizard (D:2)
  A kobold (D:2)
  2 rats (D:1)
15 creatures vanquished.

Notes
Turn   | Place    | Note
-------+----------+-------------------------------------------
     0 | D:1      | GreatBamboolord the Palentonga Fighter began the quest for
                  | the Orb.
     0 | D:1      | Reached XP level 1. HP: 19/19 MP: 1/1
     8 | D:1      | Noticed an electric eel
     9 | D:1      | Noticed an electric eel
   697 | D:1      | Reached XP level 2. HP: 24/25 MP: 2/2
  1162 | D:2      | Noticed Terence
  1171 | D:2      | HP: 1/25 [Terence/+0 morningstar (7)]
  1172 | D:2      | Slain by Terence

Illustrated notes

Levels and vault maps discovered:
D:1:      arrival_aquarium_b, layout_loops_ring
D:2:      minmay_razor_zed, layout_basic, serial_shops,
          nicolae_shop_bloodbath_and_beyond, uniq_terence

Action                   || total
-------------------------++-------
Melee: War axe           ||    33
       Tailslap          ||     3
 Abil: Rolling Charge    ||    14
  Use: Potion            ||     1
Armor: Scale mail        ||    15
Dodge: Dodged            ||     6
Block: Buckler           ||     2

Table legend: (Time is in decaauts)
 A = Elapsed time spent in this place.
 B = Non-inter-level travel time spent in this place.
 C = Inter-level travel time spent in this place.
 D = Time resting spent in this place.
 E = Time spent auto-exploring this place.
 F = Levels seen in this place.
 G = Mean time per level.
                   A        B        C        D        E       F      G
               +--------+--------+--------+--------+--------+-----+--------+
         Total |   1186 |   1137 |     49 |      0 |   1008 |   2 |  593.0 |
       Dungeon |   1186 |   1137 |     49 |      0 |   1008 |   2 |  593.0 |
               +--------+--------+--------+--------+--------+-----+--------+

Top non-repeatable levels by time:
     D:1: 831 daAuts
     D:2: 354 daAuts
